AoeStats
← TIMVP

Arena

509982944Analyzed
2v2 RM · 2d ago on Sep 28, 2026· 39m 22s· 4 players
Game mode
Random Map
Map size
Medium (4 player)
Population
200
Speed
Normal
Resources
Standard
Victory
Conquest
Starting age
Dark Age
Ending age
Imperial Age
RankedLock teamsTeams togetherTeam positionsShared explorationLock speedFull tech treeHidden civsTurbo modeCheats
Victory
Defeat
🇦🇷 Turks · Argentina
730
+17
🇦🇷 Bohemians · Argentina
706
+18
🇵🇪 Danes · Peru
759
-18
🇵🇪 Tatars · Peru
740
-17
SoloLeandro
11:00 Feudal Age
17:05 Castle Age
16:22 Double-Bit Axe
20:01 Loom
20:54 Wheelbarrow
26:11 Pikeman
26:55 Squires
28:26 Hand Cart
30:50 Imperial Age
29:05 Fletching
29:26 Forging
30:34 Bow Saw
30:18 Town Watch
30:53 Hand Cart
32:17 Chemistry
31:57 Elite Skirmisher
33:41 Conscription
34:43 Bodkin Arrow
34:50 Padded Archer Armor
35:04 Halberdier
KadornaVII
11:32 Feudal Age
13:30 Loom
16:22 Castle Age
14:48 Double-Bit Axe
21:17 Imperial Age
21:13 Horse Collar
25:09 Padded Archer Armor
25:17 Scale Barding Armor
27:31 Town Watch
30:43 Bloodlines
32:01 Wheelbarrow
33:37 Heavy Camel Rider
34:41 Heavy Plow
35:24 Chain Barding Armor
34:55 Fletching
35:16 Forging
35:22 Leather Archer Armor
36:17 Cavalier
38:01 Bodkin Arrow
38:43 Iron Casting
TIMVP
9:18 Loom
12:16 Feudal Age
12:43 Double-Bit Axe
12:58 Horse Collar
18:29 Wheelbarrow
21:08 Castle Age
19:20 Stone Mining
22:30 Hand Cart
25:15 Bow Saw
29:39 Padded Archer Armor
29:29 Fletching
30:47 Thumb Ring
30:03 Elite Skirmisher
33:20 Bodkin Arrow
35:17 Ballistics
35:09 Masonry
35:29 Leather Archer Armor
36:51 Gold Mining
40:39 Imperial Age
A†ilA
12:11 Loom
14:35 Feudal Age
15:12 Double-Bit Axe
16:12 Wheelbarrow
16:28 Horse Collar
22:23 Castle Age
21:20 Gold Mining
21:22 Stone Mining
24:32 Hand Cart
24:42 Bow Saw
24:33 Heavy Plow
28:00 Imperial Age
25:58 Silk Armor
26:21 Fletching
26:31 Padded Archer Armor
27:00 Bodkin Arrow
28:37 Leather Archer Armor
32:52 Chemistry
32:19 Ballistics
32:39 Gold Shaft Mining
33:08 Elite Skirmisher
38:27 Conscription
Connection lost

Rejoining the realm…

Still unreachable

The connection could not be restored.

Session expired

The server has moved on; the page needs a fresh start.